 Dungeon Crawl Stone Soup version 0.28.0 (webtiles) character file.

Game seed: 2084414490356289362

678 GrayStillPlays the Skirmisher (level 7, 0/56 HPs)
             Began as a Demonspawn Fighter on Feb 13, 2022.
             Killed from afar by an orc wizard (5 damage)
             ... with a magic dart
             ... on level 5 of the Dungeon.
             The game lasted 00:05:16 (4116 turns).

GrayStillPlays the Skirmisher (Demonspawn Fighter)  Turns: 4116, Time: 00:05:17

Health: 0/56       AC:  8    Str: 18    XL:     7   Next: 34%
Magic:  7/7        EV:  9    Int:  9    God:
Gold:   215        SH:  5    Dex: 13    Spells: 6/6 levels left

rFire   . . .      SeeInvis .   a - +0 war axe {axe}
rCold   . . .      Faith    .   c - +0 buckler
rNeg    . . .      Spirit   .   b - +0 scale mail
rPois   .          Reflect  .   (no helmet)
rElec   .          Harm     .   (no cloak)
rCorr   +          Rampage  .   v - +0 pair of gloves
Will    .....                   (no boots)
Stlth   ..........              (no amulet)
HPRegen 0.18/turn               f - ring of resist corrosion
MPRegen 0.10/turn               (no ring)

@: no status effects
A: ignite blood 1, spiny 1, weakness stinger 1
a: no special abilities


You were on level 5 of the Dungeon.
You visited 1 branch of the dungeon, and saw 5 of its levels.

You collected 215 gold pieces.


Innate Abilities, Weirdness & Mutations

Your demonic aura sometimes causes spilled blood to erupt in flames.
You are partially covered in sharp spines.
You have a small tail.


   Skills:
 + Level 5.0 Fighting
 + Level 4.0 Axes
 + Level 4.5 Armour
 + Level 4.5 Shields


You had 6 spell levels left.
You didn't know any spells.
Your spell library contained the following spells:

 Spells                   Type           Power      Damage    Failure   Level
 Beastly Appendage        Tmut           0%         N/A       85%         1
 Wereblood                Tmut           0%         N/A       94%         2
 Frozen Ramparts          Ice            0%         1d2       99%         3
 Gell's Gravitas          Tloc           0%         N/A       99%         3
 Spider Form              Tmut/Pois      0%         N/A       99%         3
 Teleport Other           Tloc           0%         N/A       99%         3
 Tukima's Dance           Hex            0%         N/A       99%         3
 Anguish                  Hex/Necr       0%         N/A       100%        4
 Ice Form                 Ice/Tmut       0%         N/A       100%        4
 Summon Ice Beast         Ice/Summ       0%         N/A       100%        4
 Dispersal                Tloc           0%         N/A       100%        6
 Enfeeble                 Hex            0%         N/A       100%        7

Inventory:

Hand Weapons
 a - a +0 war axe (weapon) {axe}
 o - a +3 whip {mace}
   (You took it off a kobold on level 2 of the Dungeon)
 r - a +1 rapier of speed {short}
   (You found it on level 2 of the Dungeon)
 y - a +0 mace of protection {mace}
   (You found it on level 4 of the Dungeon)
Missiles
 h - 100 stones {throwing}
 i - 65 arrows
 l - 5 poisoned darts (quivered) {throwing}
 w - 14 bolts
 x - 18 sling bullets
Armour
 b - a +0 scale mail (worn)
 c - a +0 buckler (worn)
 v - a +0 pair of gloves (worn)
   (You found it on level 3 of the Dungeon)
Jewellery
 f - a ring of resist corrosion (left hand)
   (You found it on level 1 of the Dungeon)
Scrolls
 e - 3 scrolls of immolation {unknown}
 g - 4 scrolls of enchant armour {unknown}
 k - a scroll of silence {unknown}
 n - 3 scrolls of fear {unknown}
 q - a scroll of noise {unknown}
 s - a scroll of summoning {unknown}
 t - a scroll of acquirement {unknown}
 u - 2 scrolls of teleportation {unknown}
Potions
 d - a potion of might
 j - a potion of heal wounds {unknown}
 m - a potion of degeneration {unknown}
 p - a potion of curing {unknown}

Dungeon Overview and Level Annotations

Branches:
Dungeon (5/15)
 Temple: D:4-7

Altars:

Shops:
D:3

( #.###.# ..........
...#.######. #....<.
#.#.........o
###.###..
#........o.o.
......... #o#
###.###.. #o#
#...... #)#
#.###......
#{########.........#
#..@.....######.####
########.# ####.####
#.###........
#........####
#####.#### #.# #.#
..# ###


There were no monsters in sight!


Message History

😕 HP[+4] MP[+1]
You now have 55 max hp (+6).
You regained 4 hp, and now have 45/55 hp.
Your mp is fully restored (7).
You feel sick.
You feel sick.
You feel sick.
You feel sick.
You are no longer poisoned.
An adder comes into view.
The adder hisses angrily. 😎 HP[+10]
Your hp is fully restored (55).
An adder is nearby!
You hit the adder but do no damage. You block the adder's attack.
The adder is struck by your spines. The adder bites you but does no damage.
You closely miss the adder.
Your tail-slap misses the adder.
The adder is struck by your spines.
The adder bites you but does no damage. x2
You hit the adder.
You kill the adder!
No target in view!
Done exploring.
Done exploring.
Done exploring.
There is a stone staircase leading down here.
You climb downwards.
There is a stone staircase leading up here.
A bullfrog zombie is nearby!
You hit the bullfrog zombie. You tail-slap the bullfrog zombie.
The bullfrog zombie is struck by your spines.
The bullfrog zombie hits you but does no damage.
The bullfrog zombie closely misses you.
You slash the bullfrog zombie!
The bullfrog zombie is struck by your spines.
The bullfrog zombie hits you.
The bullfrog zombie hits you but does no damage.
You hit the bullfrog zombie.
The bullfrog zombie hits you but does no damage. 😕 HP[-3]
You take 3 damage, and now have 52/55 hp.
You hit the bullfrog zombie.
The bullfrog zombie is struck by your spines.
You destroy the bullfrog zombie!
No target in view!
You now have 204 gold pieces (gained 5).
You now have 215 gold pieces (gained 11).
An ogre and 2 orc wizards come into view.
The ogre shouts!
The orc wizard shouts!
An orc priest comes into view. It is wielding a +0 whip. 😎 HP[+3]
Your hp is fully restored (55).
The ogre is struck by your spines. The ogre barely misses you.
You hit the ogre.
The ogre hits you with a +0 giant club!! 😮 HP[-21]
You take 21 damage, and now have 34/55 hp.
MASSIVE DAMAGE!! (PAUSE)
You slash the ogre!
The orc wizard casts a spell.
The orc wizard flickers and vanishes!
Deactivating autopickup; reactivate with Ctrl-A.
The ogre is engulfed in blazing flames.
You kill the ogre!
The orc wizard gestures at you while chanting.
The puff of flame hits you!
* * * LOW HITPOINT WARNING * * *
Your Fighting skill increases to level 5!
Your Axes skill increases to level 4! 😨 HP[-9]
You now have 56 max hp (+1).
You take 9 damage, and now have 25/56 hp.
The orc wizard is struck by your spines.
The orc wizard barely misses you.
You see here a +0 giant club {mace}.
You closely miss the orc wizard.
The orc wizard points at you and mumbles some strange words.
The puff of flame hits you.
* * * LOW HITPOINT WARNING * * *
😨 HP[-3]
You take 3 damage, and now have 22/56 hp.
You hit the orc wizard. You tail-slap the orc wizard.
The orc wizard is struck by your spines.
The orc wizard hits you but does no damage.
You miss something.
The orc priest shouts!
Your tail-slap misses something.
Something hits you.
* * * LOW HITPOINT WARNING * * *
😨 HP[-1]
You take 1 damage, and now have 21/56 hp.
You barely miss something. Something hits you.
* * * LOW HITPOINT WARNING * * *
The orc priest mumbles some strange prayers to Beogh against you.
Beogh smites you!
* * * LOW HITPOINT WARNING * * *
😱 HP[-16]
You take 16 damage, and now have 5/56 hp.
MASSIVE DAMAGE!! (PAUSE)
A magic dart appears from out of thin air!
The magic dart hits you.
You die...

Skill      XL: |  1  2  3  4  5  6  7 |
---------------+----------------------+-----
Axes           | 2 3 4 |  4.0
Shields        | 3 4 |  4.5
Armour         | 3 4 |  4.5
Fighting       | 4 5 |  5.0

Action                   |  1- 3 |  4- 6 |  7- 9 || total
-------------------------+-------+-------+-------++-------
Melee: War axe           |    77 |    97 |    13 ||   187
       Tailslap          |       |     5 |     2 ||     7
Throw: Dart              |       |     5 |       ||     5
Armor: Scale mail        |    33 |    49 |     7 ||    89
Dodge: Dodged            |    33 |    31 |     3 ||    67
Block: Buckler           |    19 |    28 |     1 ||    48

Levels and vault maps discovered:
D:1:      psy_arrival_spokes, layout_basic, st_stairs_4, serial_bayou_crossing
D:2:      minmay_recursive_quarters, layout_loops_ring
D:3:      kennysheep_big_flooded_room, layout_basic, serial_shops,
          nicolae_shop_bloodbath_and_beyond, serial_glass, glass_columns_a,
          glass_columns_b, due_unseen_surprise, feat_on_display,
          feat_on_display, feat_on_display, roderic_lattice_a
D:4:      layout_rooms, serial_bayou_pond_d
D:5:      layout_loops_ring

Notes
Turn   | Place    | Note
-------+----------+-------------------------------------------
     0 | D:1      | GrayStillPlays the Demonspawn Fighter began the quest for
                  | the Orb.
     0 | D:1      | Reached XP level 1. HP: 18/18 MP: 1/1
     0 | D:1      | magus.rc [v1.9.6]
   449 | D:1      | Gained mutation: You are partially covered in sharp spines.
                  | [demonic ancestry]
   449 | D:1      | Reached XP level 2. HP: 23/24 MP: 2/2
   450 | D:1      | Reached skill level 2 in Axes
   615 | D:1      | Reached skill level 3 in Shields
   698 | D:1      | Reached skill level 3 in Armour
   940 | D:1      | Reached XP level 3. HP: 28/29 MP: 3/3
  2193 | D:3      | Reached XP level 4. HP: 35/35 MP: 4/4
  2265 | D:3      | Found Kakenkus's Weapon Shoppe.
  3025 | D:4      | Gained mutation: Your demonic aura sometimes causes spilled
                  | blood to erupt in flames. [demonic ancestry]
  3025 | D:4      | Reached XP level 5. HP: 38/42 MP: 5/5
  3080 | D:4      | Noticed an ogre
  3088 | D:4      | Killed an ogre
  3089 | D:4      | Reached skill level 4 in Fighting
  3089 | D:4      | Reached skill level 3 in Axes
  3298 | D:4      | Gained mutation: You have a small tail. [demonic ancestry]
  3298 | D:4      | Reached XP level 6. HP: 47/48 MP: 6/6
  3370 | D:4      | You pick up a book of Rime and begin reading...
  3370 | D:4      | You add the spells Frozen Ramparts, Ice Form and Summon Ice
                  | Beast to your library.
  3383 | D:4      | Reached skill level 4 in Armour
  3383 | D:4      | Reached skill level 4 in Shields
  3735 | D:4      | You pick up a book of Changes and begin reading...
  3735 | D:4      | You add the spells Beastly Appendage, Wereblood and Spider
                  | Form to your library.
  3834 | D:4      | You pick up a book of Maledictions and begin reading...
  3834 | D:4      | You add the spells Tukima's Dance, Anguish and Enfeeble to
                  | your library.
  3877 | D:4      | You add the spells Gell's Gravitas, Teleport Other and
                  | Dispersal to your library.
  3896 | D:4      | Reached XP level 7. HP: 45/55 MP: 7/7
  4041 | D:5      | Entered Level 5 of the Dungeon
  4109 | D:5      | Reached skill level 5 in Fighting
  4109 | D:5      | Reached skill level 4 in Axes
  4113 | D:5      | HP: 5/56 [orc priest/divine providence (14)]
  4116 | D:5      | Killed from afar by an orc wizard

Vanquished Creatures
  2 ogres
  3 scorpions (D:4)
  A bullfrog zombie (D:5)
  3 hounds (D:4)
  An orc priest (D:4)
  An iguana (D:4)
  A hound skeleton (D:4)
  2 adders
  3 worms
  3 dart slugs
  10 orcs
  14 ball pythons
  14 endoplasms
  A giant cockroach (D:2)
  3 goblins
  7 hobgoblins
  4 jackals (D:3)
  3 quokkas
  6 bats
  5 frilled lizards
  8 kobolds
  7 rats
102 creatures vanquished.

Vanquished Creatures (others)
  2 plants (D:1)
2 creatures vanquished.

Grand Total: 104 creatures vanquished

Table legend:
 A = Non-vault XP
 B = Vault XP
 C = Vault XP percentage of total XP
 D = Non-vault monster count
 E = Vault monster count
 F = Vault count percentage of total count
                 A         B        C        D         E       F
            +---------+---------+-------+---------+---------+-------
      Total |     934 |      35 |   3.6 |      87 |      15 |  14.7
            +---------+---------+-------+---------+---------+-------
        D:1 |      39 |       3 |   7.1 |      23 |       2 |   8.0
        D:2 |      24 |      30 |  55.6 |      12 |      11 |  47.8
        D:3 |      55 |       2 |   3.5 |      25 |       2 |   7.4
        D:4 |     655 |       0 |   0.0 |      25 |       0 |   0.0
        D:5 |     161 |       0 |   0.0 |       2 |       0 |   0.0
            +---------+---------+-------+---------+---------+-------

Illustrated notes

Table legend:
 A = Kills in this place as a percentage of kills in entire the game.
 B = Kills by you in this place as a percentage of kills by you in the entire game.
 C = Kills by friends in this place as a percentage of kills by friends in the entire game.
 D = Other kills in this place as a percentage of other kills in the entire game.
 E = Experience gained in this place as a percentage of experience gained in the entire game.
 F = Experience gained in this place divided by the number of levels of this place that you have seen.
                   A       B       C       D       E      F
               +-------+-------+-------+-------+-------+----------------------
         Total | 100.0 | 100.0 |   N/A |   N/A | 100.0 | 193.8
       Dungeon | 100.0 | 100.0 |   N/A |   N/A | 100.0 | 193.8
               +-------+-------+-------+-------+-------+----------------------

Table legend: (Time is in decaauts)
 A = Elapsed time spent in this place.
 B = Non-inter-level travel time spent in this place.
 C = Inter-level travel time spent in this place.
 D = Time resting spent in this place.
 E = Time spent auto-exploring this place.
 F = Levels seen in this place.
 G = Mean time per level.
                   A        B        C        D        E       F      G
               +--------+--------+--------+--------+--------+-----+--------+
         Total |   4197 |   4014 |    183 |    199 |   3209 |   5 |  839.4 |
       Dungeon |   4197 |   4014 |    183 |    199 |   3209 |   5 |  839.4 |
               +--------+--------+--------+--------+--------+-----+--------+

Top non-repeatable levels by time:
     D:2: 1147 daAuts
     D:1: 1072 daAuts
     D:3: 1023 daAuts
     D:4: 875 daAuts
     D:5: 78 daAuts
